 Dungeon Crawl Stone Soup version 0.17-a0-2101-g0c122e7 (webtiles) character file.

14228 brucemayne the Executioner (level 12, -5/100 HPs)
             Began as a Hill Orc Berserker on Oct 18, 2015.
             Was a Priest of Trog.
             Slain by an orc warrior
             ... wielding a +0 halberd
             ... led by an orc warlord
              (15 damage)
             ... on level 2 of the Orcish Mines.
             The game lasted 00:29:36 (4286 turns).

brucemayne the Executioner (Hill Orc Berserker)     Turns: 4286, Time: 00:29:36

Health: -5/100     AC: 13    Str: 22    XL:     12   Next: 14%
Magic:  12/12      EV:  7    Int: 10    God:    Trog [***...]
Gold:   575        SH:  0    Dex: 12    Spells: 0 memorised, 11 levels left

rFire  + . .     SeeInvis .     u - +2 battleaxe (venom)
rCold  + . .     Clarity  .     z - +0 plate armour
rNeg   . . .     SustAt   .     (no shield)
rPois  .         Gourm    .     (no helmet)
rElec  .         Spirit   .     (no cloak)
rCorr  .         Warding  .     A - +0 pair of gloves
rMut   .         Stasis   .     (no boots)
MR     .....                    t - amulet of rage
Stlth  ..........               G - ring of invisibility
                                k - ring of protection from fire

@: exhausted, about to teleport, slowed, very slow, not resistant to hostile
enchantments, extremely unstealthy
A: thin skeletal structure 1, blink, cold resistance 1
a: Blink, Burn Spellbooks, Berserk, Trog's Hand, Renounce Religion, Evoke
Berserk Rage, Evoke Invisibility


You were on level 2 of the Orcish Mines.
You worshipped Trog.
Trog was most pleased with you.
You were hungry.

You visited 2 branches of the dungeon, and saw 16 of its levels.

You collected 705 gold pieces.
You spent 130 gold pieces at shops.

Inventory:

Hand Weapons
 a - a +0 hand axe
 e - a +0 blowgun
 s - a +0 battleaxe of chopping
 u - a +2 battleaxe of venom (weapon)
 F - a +0 war axe
Missiles
 f - 4 javelins (quivered)
 j - 8 poisoned needles
 n - 7 tomahawks of returning
 B - 4 curare-tipped needles
Armour
 b - a +0 animal skin
 h - a +0 ring mail
 v - a +0 buckler
 z - a +0 plate armour (worn)
 A - a +0 pair of gloves (worn)
 H - a +0 shield
Jewellery
 k - a ring of protection from fire (left hand)
 t - an amulet of rage (around neck)
 x - an uncursed ring of protection from fire
 G - a ring of invisibility (right hand)
Wands
 J - a wand of random effects (10)
 L - a wand of invisibility (0)
Scrolls
 g - a scroll of noise {unknown}
 l - a scroll of enchant weapon {unknown}
 o - a scroll of fear {unknown}
 p - a scroll of random uselessness {unknown}
 q - a scroll of fog {unknown}
 w - 4 scrolls of identify
 y - 2 scrolls of remove curse {unknown}
Potions
 K - a potion of resistance
Books
 r - a book of Fire

   Spells                             Type                      Level
   a - Ignite Poison                  Fire/Transmutation/Poison    3
   b - Fireball                       Conjuration/Fire             5
   c - Bolt of Fire                   Conjuration/Fire             6
   d - Delayed Fireball               Conjuration/Fire             7
   e - Ring of Flames                 Charms/Fire                  7
   Trog disapproves of the use of such an item.
Comestibles
 c - 3 bread rations
 i - 3 meat rations
 C - 4 beef jerkies
 D - 7 slices of pizza
 E - 3 fruits
 I - 8 chunks of flesh


   Skills:
 - Level 7.5 Fighting
 + Level 21.0 Axes
 - Level 5.6 Armour
 - Level 1.5 Dodging


You had 11 spell levels left.
You didn't know any spells.

Dungeon Overview and Level Annotations

Branches:
Dungeon (12/15)              Lair (0/8) D:11            Orc (4/4) D:11
    Elf (0/3) Orc:3
 Temple: D:4-7

Altars:

Shops:
D:11 (%=[*   Orc:1 }   Orc:3 (   Orc:4 (((*

Annotations:
Orc:4 exclusion: upstairs


Innate Abilities, Weirdness & Mutations

You have a somewhat thin skeletal structure (Dex +2, Stealth).
You can translocate small distances at will.
Your flesh is cold resistant.


Message History

* * * LOW HITPOINT WARNING * * *
The orc hits you from afar with a trident.
* * * LOW HITPOINT WARNING * * *
The orc warrior completely misses you.
The orc hits you from afar with a trident.
* * * LOW HITPOINT WARNING * * *
The orc warrior shouts!
You hit the orc warrior but do no damage.
The orc warrior is poisoned.
You hit the orc warrior.
The orc warrior is poisoned.
The orc warrior is lightly wounded.
The orc warrior hits you but does no damage.
The orc warrior hits you with a halberd.
* * * LOW HITPOINT WARNING * * *
The orc closely misses you.
Read which item? (? for menu, Esc to quit)
As you read the scroll of teleportation, it crumbles to dust.
You feel strangely unstable.
The orc warrior hits you with a halberd!
You die...

...o....)........
##.o..........#...
#......o.....#....
#..(...........o..
##..(....#.........
#####.......#......#...
##.#.##o#.#.#..........
#.....##o......... .
##.#.##@......##..
##.#.#)o.o.....#
#...).))##....##
##.....##.#....#
#.........##.##
####........####
##.#..........##
####..............#
##.#.#.......#....##


You could see 3 orc warriors and an orc.

Vanquished Creatures
  Maud (D:11)
  An orc warlord (Orc:2)
  Josephine (Orc:4)
  Erolcha (Orc:1)
  Urug (Orc:3)
  Sonja (Orc:3)
  A hill giant (D:11)
  2 orc knights (Orc:4)
  2 orc sorcerers (Orc:2)
  A troll (Orc:3)
  4 yaks
  A vampire mosquito (D:11)
  5 wraiths
  Grum (D:10)
  A human (D:7)
  4 wolves (D:10)
  26 orc warriors
  2 sky beasts
  2 ogres
  A black bear (D:7)
  7 centaurs (Orc:4)
  A scorpion (D:4)
  A killer bee (D:8)
  A crimson imp (D:11)
  2 giant frog zombies
  8 orc priests
  A hound (D:10)
  2 jellies
  16 orc wizards
  3 iguanas
  A worker ant (D:5)
  4 sheep (D:7)
  5 gnolls
  2 adders (D:4)
  An adder skeleton (D:10)
  101 orcs
  3 kobolds (D:3)
  6 bats
  2 giant gecko skeletons (D:4)
  A giant gecko zombie (D:8)
  4 giant newts
  A quokka skeleton (D:5)
  3 rats
235 creatures vanquished.

Vanquished Creatures (others)
  An orc warrior (Orc:3)
  5 orcs
  A fungus (D:11)
7 creatures vanquished.

Grand Total: 242 creatures vanquished

Notes
Turn   | Place    | Note
--------------------------------------------------------------
     0 | D:1      | brucemayne the Hill Orc Berserker began the quest for the Orb.
     0 | D:1      | Reached XP level 1. HP: 19/19 MP: 1/1
   268 | D:4      | Reached skill level 5 in Axes
   268 | D:4      | Reached XP level 2. HP: 26/26 MP: 2/2
   281 | D:4      | Noticed a scorpion
   300 | D:4      | Noticed an orc wizard
   321 | D:4      | Killed a scorpion
   321 | D:4      | Reached skill level 6 in Axes
   321 | D:4      | Reached XP level 3. HP: 17/31 MP: 3/3
   321 | D:4      | Reached XP level 4. HP: 21/39 MP: 4/4
   323 | D:4      | Killed an orc wizard
   326 | D:4      | Reached skill level 7 in Axes
   330 | D:4      | Noticed a phantom
   605 | D:5      | Entered Level 5 of the Dungeon
   617 | D:5      | Reached XP level 5. HP: 38/45 MP: 5/5
   664 | D:5      | Reached skill level 8 in Axes
   671 | D:5      | Reached ** piety under Trog
   875 | D:6      | Noticed a sky beast
   888 | D:6      | Killed a sky beast
   888 | D:6      | Reached skill level 9 in Axes
   888 | D:6      | Reached XP level 6. HP: 32/51 MP: 6/6
  1080 | D:7      | Reached skill level 10 in Axes
  1080 | D:7      | Reached XP level 7. HP: 57/57 MP: 7/7
  1188 | D:7      | Noticed a human
  1204 | D:7      | Killed a human
  1340 | D:8      | Reached skill level 11 in Axes
  1355 | D:8      | Gained mutation: You tend to lose your temper in combat. [potion of mutation]
  1355 | D:8      | Gained mutation: You are clumsy. (Dex -2) [potion of mutation]
  1355 | D:8      | Gained mutation: Your spells are a little harder to cast, but a little more powerful. [potion of mutation]
  1356 | D:8      | Gained mutation: You have a somewhat thin skeletal structure (Dex +2, Stealth). [potion of mutation]
  1356 | D:8      | Lost mutation: You are clumsy. (Dex -2) [potion of mutation]
  1356 | D:8      | Gained mutation: Your flesh is cold resistant. [potion of mutation]
  1357 | D:8      | Lost mutation: Your spells are a little harder to cast, but a little more powerful. [potion of mutation]
  1357 | D:8      | Lost mutation: You tend to lose your temper in combat. [potion of mutation]
  1357 | D:8      | Gained mutation: You can translocate small distances at will. [potion of mutation]
  1395 | D:8      | Reached XP level 8. HP: 55/64 MP: 8/8
  1513 | D:10     | Entered Level 10 of the Dungeon
  1533 | D:10     | Noticed Grum
  1593 | D:10     | Killed Grum
  1593 | D:10     | Reached skill level 5 in Armour
  1593 | D:10     | Reached skill level 12 in Axes
  1672 | D:11     | Noticed a hill giant
  1689 | D:11     | Killed a hill giant
  1689 | D:11     | Reached skill level 13 in Axes
  1689 | D:11     | Reached XP level 9. HP: 51/75 MP: 9/9
  1970 | D:11     | Found Heriarel's Jewellery Shop.
  2019 | D:11     | Found Foem's Antique Weapon Shoppe.
  2029 | D:11     | Found Biuhisol's Food Emporium.
  2112 | D:11     | Found Qautomikh's Antique Armour Shop.
  2197 | D:11     | Noticed Maud
  2198 | D:11     | Found a staircase to the Lair.
  2223 | D:11     | Killed Maud
  2223 | D:11     | Reached skill level 15 in Axes
  2223 | D:11     | Reached XP level 10. HP: 17/86 MP: 10/10
  2354 | D:11     | Found Atucze's General Store.
  2467 | D:11     | Found a staircase to the Orcish Mines.
  2472 | Orc:1    | Entered Level 1 of the Orcish Mines
  2504 | Orc:1    | Found Gagydag's Quality Used Wands.
  2549 | Orc:2    | Noticed Erolcha
  2551 | Orc:2    | Noticed an orc warlord
  2551 | Orc:2    | Noticed an orc sorcerer
  2560 | Orc:1    | Killed Erolcha
  2560 | Orc:1    | Reached skill level 16 in Axes
  2681 | Orc:2    | Noticed an orc sorcerer
  2688 | Orc:2    | Killed an orc sorcerer
  2688 | Orc:2    | Reached skill level 17 in Axes
  2752 | Orc:3    | Found a staircase to the Elven Halls.
  2752 | Orc:3    | Noticed Sonja
  2772 | Orc:3    | Killed Sonja
  2806 | Orc:3    | Reached XP level 11. HP: 75/92 MP: 11/11
  2834 | Orc:4    | Entered Level 4 of the Orcish Mines
  2842 | Orc:4    | Reached *** piety under Trog
  2892 | Orc:3    | Noticed Josephine
  2918 | Orc:4    | Reached skill level 18 in Axes
  3422 | Orc:4    | Noticed an orc knight
  3422 | Orc:4    | Noticed an orc knight
  3470 | Orc:4    | Killed an orc knight
  3470 | Orc:4    | Reached skill level 19 in Axes
  3491 | Orc:4    | Killed an orc knight
  3664 | Orc:4    | Found Ucigysudo's Antique Weapon Boutique.
  3664 | Orc:4    | Found Xent's Weapon Emporium.
  3666 | Orc:4    | Found Boilin's General Store.
  3769 | Orc:4    | Found Daradigyti's Weapon Shop.
  3778 | Orc:4    | Bought a potion of resistance for 130 gold pieces
  3886 | Orc:4    | Killed Josephine
  3923 | Orc:3    | Reached skill level 20 in Axes
  4038 | Orc:2    | Killed an orc sorcerer
  4071 | Orc:3    | Found Qiemp's Antique Weapon Boutique.
  4075 | Orc:3    | Noticed Urug
  4107 | Orc:3    | Killed Urug
  4113 | Orc:3    | Reached XP level 12. HP: 35/100 MP: 12/12
  4271 | Orc:2    | Killed an orc warlord
  4272 | Orc:2    | Reached skill level 21 in Axes
  4286 | Orc:2    | Slain by an orc warrior

Vault maps used:
D:1:      sevenhm_arrival_forest_fort_small_5, roderic_chinese_pattern_swastika
D:2:      fiery_altar_vehumet, grunt_temple_overflow_open, tgw_xom,
          grunt_dithmenos_smoke_and_mirrors
D:3:      nicolae_gozag_seed_capital, uniq_terence
D:4:      first_bread, serial_shops, nicolae_shop_temple_entry_statues_fountains
D:6:      overflow_temple_1_default, minmay_temple_entry_overgrown
D:7:      grunt_livestock, kennysheep_cross_room
D:8:      nicolae_tso_besieged_by_evil, special_room
D:9:      lemuel_round_altar, basic_altar, kennysheep_generic_room_11
D:10:     kennysheep_seaside_town, uniq_grum
D:11:     due_lair_maze_entry_diamond, orc_0_dummy, serial_shops,
          nicolae_shop_behind_doors, shop, nicolae_shop_trees,
          nicolae_shop_trees, kennysheep_little_box, hangedman_batty, uniq_maud
D:12:     minmay_expanding_squares, hangedman_abyss_or_decor_lesser_grid,
          uniq_fannar
Orc:1:    nicolae_for_you_no_charge
Orc:2:    basic_altar, uniq_erolcha
Orc:3:    serial_shops, shop_statue, nicolae_orc_pool_cavern, uniq_josephine,
          uniq_urug, uniq_sonja
Orc:4:    st_orc_rangers, serial_shops, shop, uniq_donald

Action                   |  1- 3 |  4- 6 |  7- 9 | 10-12 || total
-------------------------+-------+-------+-------+-------++-------
Melee: Hand axe          |    21 |   100 |   140 |       ||   261
       War axe           |       |       |    44 |       ||    44
       Battleaxe         |       |       |       |   358 ||   358
 Fire: Blowgun           |       |     6 |     7 |     1 ||    14
Invok: Berserk           |     2 |     4 |     7 |     8 ||    21
       Trog's Hand       |       |     2 |     8 |    32 ||    42
  Use: Potion            |       |     2 |     4 |    11 ||    17
       Scroll            |       |       |     3 |     1 ||     4
 Stab: Invisible         |       |       |       |     5 ||     5
  Eat: Chunk             |       |     6 |    11 |    17 ||    34
       Bread ration      |       |       |       |     1 ||     1
